 Dungeon Crawl Stone Soup version 0.21-a0-513-gdcb3f5e (webtiles) character file.

56 Gerstahl the Skirmisher (level 3, -4/36 HPs)
             Began as a Naga Monk on Dec 3, 2017.
             Slain by a gnoll
             ... wielding a +0 flail
              (10 damage)
             ... on level 2 of the Dungeon.
             The game lasted 00:02:58 (1327 turns).

Gerstahl the Skirmisher (Naga Monk)                 Turns: 1327, Time: 00:02:59

Health: -4/36      AC:  2    Str: 13    XL:     3   Next: 97%
Magic:  3/3        EV: 10    Int: 10    God:
Gold:   118        SH:  0    Dex: 14    Spells: 2/2 levels left

rFire    . . .     SeeInvis +   a - +0 spear
rCold    . . .     Gourm    .   (no shield)
rNeg     . . .     Faith    .   b - +0 robe
rPois    +         Spirit   .   (no helmet)
rElec    .         Reflect  .   (no cloak)
rCorr    .         Harm     .   (no gloves)
MR       .....                  (no barding)
Stlth    ++........             (no amulet)
HPRegen  0.12/turn              (no ring)
MPRegen  0.08/turn              (no ring)

@: short of breath, very slow
A: large, see invisible, deformed body, poison resistance, slowness 2, slow
metabolism 1, spit poison 1, AC +1
a: Spit Poison


You were on level 2 of the Dungeon.
You were hungry.

You visited 1 branch of the dungeon, and saw 2 of its levels.

You collected 118 gold pieces.

Inventory:

Hand Weapons
 a - a +0 spear (weapon)
Armour
 b - a +0 robe (worn)
Jewellery
 h - an uncursed amulet of harm {unknown}
Scrolls
 e - 2 scrolls of identify {unknown}
 g - 2 scrolls of amnesia {unknown}
 k - a scroll of random uselessness {unknown}
 m - 2 scrolls of teleportation {unknown}
 n - 3 scrolls of remove curse {unknown}
 q - a scroll of enchant weapon {unknown}
Potions
 d - a potion of curing {unknown}
 i - a potion of might {unknown}
 j - a potion of agility {unknown}
 l - a potion of mutation {unknown}
 o - a potion of haste {unknown}
 r - a potion of flight {unknown}
 s - 2 potions of brilliance {unknown}
Comestibles
 c - 2 bread rations
 f - 4 fruits
 p - 2 royal jellies


   Skills:
 + Level 4.0 Fighting
 + Level 3.9 Polearms
 - Level 2.4 Dodging
 - Level 3.0 Stealth


You had 2 spell levels left.
You didn't know any spells.

Dungeon Overview and Level Annotations

Branches:
Dungeon (2/15)

Altars:


Innate Abilities, Weirdness & Mutations

You cannot wear boots.
Your serpentine skin is tough. (AC +1)
You have supernaturally acute eyesight. (SInv)
Armour fits poorly on your strangely shaped body.
Your system is resistant to poisons. (rPois)
You cover ground very slowly.
You have a slow metabolism.
You can spit poison.


Message History

Aim: a gnoll, wielding a flail (hasn't noticed you)
You reach to attack!
You barely miss the gnoll.
The gnoll shouts!
You hit the gnoll.
The gnoll is lightly wounded.
The gnoll hits you with a flail!
You are too injured to fight recklessly!
You are too injured to fight recklessly!
Press: ? - help, Shift-Dir - straight line, f/p - gnoll
Aim: a gnoll, wielding a flail (lightly wounded)
The splash of poison hits the gnoll.
The gnoll is poisoned.
The gnoll is heavily wounded.
You feel slightly more hungry.
The gnoll drinks a potion.
The gnoll is healed!
You barely miss the gnoll. The gnoll hits you with a flail.
You hit the gnoll but do no damage. The gnoll hits you with a flail.
* * * LOW HITPOINT WARNING * * *
You hit the gnoll.
The gnoll is lightly wounded.
The gnoll hits you with a flail!
You die...

##.## #.# #.###########
#.....^..?...
################
.........######
###...........# #
#.####.####.#####.#####
#.# #.# #...@g.......
#.# #.# #.###########
#.# #.# #.# ###.# #.#
#.# ....# #.# #.# #####
#.# #.# #.# #.# ..


You could see a gnoll.

Vanquished Creatures
  A gnoll (D:2)
  An adder (D:2)
  An ooze (D:1)
  2 worms (D:2)
  A leopard gecko (D:1)
  5 bats
  4 goblins
  2 hobgoblins
  4 jackals
  A ball python (D:1)
  A frilled lizard (D:1)
  4 kobolds (D:1)
  3 rats
30 creatures vanquished.

Notes
Turn   | Place    | Note
-------+----------+-------------------------------------------
     0 | D:1      | Gerstahl the Naga Monk began the quest for the Orb.
     0 | D:1      | Reached XP level 1. HP: 21/21 MP: 1/1
   167 | D:1      | Reached XP level 2. HP: 21/28 MP: 2/2
   387 | D:1      | Reached XP level 3. HP: 28/34 MP: 3/3
  1295 | D:2      | Reached skill level 4 in Fighting
  1327 | D:2      | Slain by a gnoll

Vault maps used:
D:1:      minmay_arrival_plants_in_alcoves

Skill      XL: |  1  2  3 |
---------------+----------+-----
Fighting       | 4 |  4.0
Polearms       | |  3.9
Dodging        | |  2.4
Stealth        | |  3.0

Action                   || total
-------------------------++-------
Melee: Spear             ||   113
 Abil: Spit Poison       ||     3
 Stab: Sleeping          ||     6
Armor: Robe              ||    16
Dodge: Dodged            ||    34

Table legend:
 A = Spawn XP
 B = Non-spawn XP
 C = Spawn XP percentage of total XP
 D = Spawn monster count
 E = Non-spawn monster count
 F = Spawn count percentage of total count
 G = Total turns spent on level
                    A         B        C        D         E        F      G
               +---------+---------+-------+---------+---------+-------+---------
         Total |       0 |      81 |   0.0 |       0 |      30 |   0.0 |  1327
               +---------+---------+-------+---------+---------+-------+---------
           D:1 |       0 |      35 |   0.0 |       0 |      20 |   0.0 |   750
           D:2 |       0 |      46 |   0.0 |       0 |      10 |   0.0 |   577
               +---------+---------+-------+---------+---------+-------+---------
